Cogmind - Beta 16 @@@ ROGUE MODE // 2025.11.17 @ 02:29:12 Player: War__Prophet Result: Destroyed by S-10 Pest with Light Assault Rifle Performance ------------- Evolutions (2) 1000 Regions Visited (5) 1000 Robots Destroyed (28) 140 Value Destroyed (587) 587 Prototype IDs (2) 40 Alien Tech Used (0) 0 Bonus (200) 200 TOTAL SCORE: 2967 Bonus ------- Entered Garrisons 200 Cogmind --------- Core Integrity 0/550 Matter 267/300 Energy 99/100 System Corruption 0% Temperature Cool (9) Movement Core (50) Location -8/Materials Parts ------- > --- POWER (2) -------- (None) > --- PROPULSION (4) --- (None) > --- UTILITY (3) ------ (None) > --- WEAPON (2) ------- (None) > --- INVENTORY (5) ---- Nuclear Core Hardened Medium Armor Plating Peak State ------------ > --- POWER ------------ Light Nuclear Core > --- PROPULSION ------- Flight Unit VTOL Module Surge Thruster Surge Thruster > --- UTILITY ---------- Hardened Medium Armor Plating > --- WEAPON ----------- (None) > --- INVENTORY -------- Flight Unit Flight Unit Blade Saw [Rating: 15] Favorites ----------- Power Ion Engine Engine Ion Engine Power Core Light Nuclear Core Propulsion Compact Wheel Wheel Compact Wheel Flight Unit Flight Unit Utility Cargo Storage Unit Storage Cargo Storage Unit Processor Visual Processing Unit Protection Utility Shielding Weapon Assault Rifle Ballistic Gun Assault Rifle Slashing Weapon Blade Saw Build | -11 -10 -9 -8 -8 -8 ------- Run | Yrd Mat Mat Mat Gar Mat Slots Evolved 4 | . . 2 2 . . Power 1 | . . 1 . . . Propulsion 2 | . . . 2 . . Utility 1 | . . 1 . . . Weapon . | . . . . . . Parts Attached 39 | 7 11 8 1 12 . Power 5 | 1 1 2 . 1 . Engine 3 | 1 1 1 . . . Core 2 | . . 1 . 1 . Reactor . | . . . . . . Propulsion 16 | 2 3 2 1 8 . Treads . | . . . . . . Leg . | . . . . . . Wheel 7 | 2 3 2 . . . Hover . | . . . . . . Flight 9 | . . . 1 8 . Utility 8 | 1 3 3 . 1 . Device . | . . . . . . Storage 3 | 1 1 1 . . . Processor 2 | . . 2 . . . Hackware . | . . . . . . Protection 3 | . 2 . . 1 . Artifact . | . . . . . . Weapon 10 | 3 4 1 . 2 . Energy Gun . | . . . . . . Energy Cannon . | . . . . . . Ballistic Gun 8 | 3 4 1 . . . Ballistic Cannon . | . . . . . . Launcher . | . . . . . . Special Weapon . | . . . . . . Impact Weapon . | . . . . . . Slashing Weapon 2 | . . . . 2 . Piercing Weapon . | . . . . . . Special Melee Weapon . | . . . . . . Unidentified Prototypes . | . . . . . . Parts Lost 28 | . 9 4 . 15 . Power 6 | . 2 2 . 2 . Propulsion 13 | . 3 1 . 9 . Utility 1 | . . 1 . . . Weapon 8 | . 4 . . 4 . Highest Loss Streak 6 | . 4 3 . 6 . To Critical Strikes . | . . . . . . Average Backups 11 | 1 14 8 13 9 1 Power . | . 1 . . . . Propulsion 3 | . 2 3 7 4 . Utility 4 | . 6 3 4 3 1 Weapon 2 | . 3 1 2 1 . Tool/Special . | . . . . . . Unused Backups 17 | . 2 7 . 7 1 Power 2 | . . . . 1 1 Propulsion 5 | . . 2 . 3 . Utility 6 | . . 4 . 2 . Weapon 3 | . 2 . . 1 . Tool/Special 1 | . . 1 . . . Average Slot Usage (%) 71 | . 77 85 74 53 7 Engine 8 | . 12 7 . . . Core 3 | . . 8 9 6 . Wheel 20 | . 26 21 18 9 . Flight 2 | . . . 2 10 7 Storage 10 | . 14 9 9 5 . Processor 3 | . . 10 9 5 . Protection 3 | . 1 8 9 5 . Ballistic Gun 17 | . 21 18 18 9 . Peak Build Rating 15 | 6 9 13 14 15 1 Average Rating 8 | 4 7 11 13 10 . On Entrance 6 | . 6 9 12 13 1 Avg Prop Armor Cover (%) 3 | . . . 3 . . Naked Turns 12 | . . 1 . 1 10 Heaviest Build 149 | 14 149 33 30 30 . Greatest Support 32 | 32 32 26 26 26 4 Greatest Overweight (x) 14 | . 14 1 1 2 . Average Overweight (x) 1 | . 3 . 1 . . Largest Inventory Capacity 30 | 8 30 15 15 15 5 Average Capacity 18 | 7 25 11 15 10 5 Most Carried 24 | 2 24 13 15 15 2 Average Carried 11 | 1 15 8 13 9 1 Final Capacity 30 | 8 30 15 15 5 5 Final Carried 24 | 2 24 13 15 1 2 Class Distribution -------------------- 42% | Hauler-Mutant 29% | Mutant 28% | Scavenger-Mutant Dominant Class ---------------- Hauler-Mutant | -10/Materials Scavenger-Mutant | -9/Materials Scavenger-Mutant | -8/Materials Scavenger-Mutant | -8/Garrison Mutant | -8/Materials Resources | -11 -10 -9 -8 -8 -8 ----------- Run | Yrd Mat Mat Mat Gar Mat Matter Collected 1103 | 270 486 222 . 125 . Remotely . | . . . . . . Salvage Created 997 | . 727 210 . 60 . Parts 62 | . 42 11 . 9 . Haulers Intercepted 1 | . 1 . . . . Recyclers Shooed 10 | . 3 6 . . 1 Parts Field Recycled . | . . . . . . Retrieved Matter . | . . . . . . Parts Self-Destructed . | . . . . . . Prevented . | . . . . . . Parts Restored . | . . . . . . Kills | -11 -10 -9 -8 -8 -8 ------- Run | Yrd Mat Mat Mat Gar Mat Combat Hostiles Destroyed 17 | . 9 5 . 3 . Melee 2 | . . . . 2 . Guns 15 | . 9 5 . 1 . Classes Destroyed 9 | . 7 1 . 1 . Worker 3 | . 3 . . . . Builder 1 | . 1 . . . . Tunneler 1 | . 1 . . . . Hauler 1 | . 1 . . . . Recycler 3 | . 2 1 . . . Watcher 2 | . 2 . . . . Swarmer 4 | . . 3 . 1 . Cutter 2 | . . . . 2 . Grunt 11 | . 9 2 . . . Best Kill Streak 3 | . 3 3 . 2 . Combat Bots Only 3 | . 3 3 . 2 . Max Kills in Single Turn 1 | . 1 1 . 1 . Gunslinging . | . . . . . . Exploded . | . . . . . . Melee 1 | . . . . 1 . Uniques/NPCs Destroyed . | . . . . . . Combat | -11 -10 -9 -8 -8 -8 -------- Run | Yrd Mat Mat Mat Gar Mat Hostile Shots Fired 305 | . 79 47 . 159 20 Missed 104 | . 18 19 . 57 10 Hits 201 | . 61 28 . 102 10 Melee 6 | . . . . 6 . Projectile 195 | . 61 28 . 96 10 AOE 2 | . 1 . . 1 . Critical Strikes 7 | . . . . 7 . Damage Taken 2372 | . 967 277 . 1015 113 Core 862 | . 237 75 . 437 113 Absorbed by Shields 63 | . . . . 63 . Redirected to Shielding 10 | . . 3 . 7 . Core Remaining (%) 62 | 100 5 81 . . . Volleys Fired 111 | . 87 20 . 4 . Largest 2 | . 2 2 . 2 . Hottest 40 | . 40 40 . 40 . Shots Fired 191 | . 144 39 . 8 . Gun 191 | . 144 39 . 8 . Cannon . | . . . . . . Launcher . | . . . . . . Special . | . . . . . . Kinetic 191 | . 144 39 . 8 . Thermal . | . . . . . . Explosive . | . . . . . . Electromagnetic . | . . . . . . Robot Hit Streak 10 | . 10 4 . . . Robot Miss Streak 8 | . 3 3 . 8 . Penetration Max . | . . . . . . Secondary Targets 2 | . 2 . . . . Max Gunslinging Chain 1 | . 1 . . . . Shots Hit Robots 120 | . 95 20 . 5 . Core Hits 45 | . 31 9 . 5 . Critical Kills 2 | . 2 . . . . Critical Parts Destroyed 1 | . 1 . . . . Critical Strikes 5 | . 3 . . 2 . Destroy 3 | . 3 . . . . Sever 2 | . . . . 2 . Melee Attacks 6 | . . . . 6 . Impact . | . . . . . . Slashing 6 | . . . . 6 . Piercing . | . . . . . . Sneak Attacks . | . . . . . . Combat Hostiles . | . . . . . . Follow-up Attacks . | . . . . . . Damage Inflicted 1731 | . 1345 258 . 124 4 Guns 1492 | . 1198 258 . 36 . Cannons . | . . . . . . Explosions 147 | . 147 . . . . Melee 81 | . . . . 81 . Ramming 11 | . . . . 7 4 Kinetic 1492 | . 1198 258 . 36 . Thermal . | . . . . . . Explosive 147 | . 147 . . . . Electromagnetic . | . . . . . . Impact . | . . . . . . Slashing 81 | . . . . 81 . Piercing . | . . . . . . Highest Corruption . | . . . . . . Average Corruption . | . . . . . . Corruption Purged . | . . . . . . Corruption Blocked . | . . . . . . Overload Shots . | . . . . . . Overflow Damage 95 | . 95 . . . . Projectiles . | . . . . . . Explosions 95 | . 95 . . . . Melee . | . . . . . . Knockbacks . | . . . . . . Impact . | . . . . . . Kinetic . | . . . . . . Secondary . | . . . . . . Self-Inflicted Damage 119 | . 114 . . 3 2 Shots 1 | . 1 . . . . Rammed 3 | . . . . 2 1 Targets Rammed 3 | . . . . 2 1 Kicked . | . . . . . . Crushed . | . . . . . . Highest Temperature 11 | . 9 3 . 11 . Average Temperature 3 | . 3 3 . 4 . Received Heat Transfer 756 | . 435 105 . 198 18 Siege Activations . | . . . . . . Martial Activations . | . . . . . . Shielding Activations . | . . . . . . Robots Disrupted . | . . . . . . Combat Hostiles . | . . . . . . Robots Corrupted . | . . . . . . Combat Hostiles . | . . . . . . Parts Fried . | . . . . . . Impact Corruptions . | . . . . . . Robots Melted . | . . . . . . Combat Hostiles . | . . . . . . Parts Melted . | . . . . . . Heat Transferred . | . . . . . . Parts Sabotaged . | . . . . . . Parts Stolen . | . . . . . . Parts Stripped . | . . . . . . Power Chain Reactions . | . . . . . . Alert | -11 -10 -9 -8 -8 -8 ------- Run | Yrd Mat Mat Mat Gar Mat Maximum Alert Level 1 | . . . . 1 . Low Security (%) 98 | 100 100 100 100 91 100 Level 1 1 | . . . . 8 . Level 2 . | . . . . . . Level 3 . | . . . . . . Level 4 . | . . . . . . Level 5 . | . . . . . . High Security . | . . . . . . Max Security . | . . . . . . Peak Influence 295 | . 79 80 . 295 143 Initial 143 | . . 13 . . 143 Average 30 | . 18 37 . 50 138 Influence Increases 901 | . 356 130 . 415 . Destroy 0b10 Robot/C 340 | . 180 100 . 60 . Destroy 0b10 Robot/NC 55 | . 50 5 . . . Destroy Leader 76 | . 56 10 . 10 . Successful Hack 5 | . 5 . . . . Disable Machine 30 | . 30 . . . . Destroy Structure 20 | . 20 . . . . Lose Combat Pursuer 375 | . 15 15 . 345 . Influence Decreases 768 | . 325 161 . 120 162 Entered New Map 170 | . . 18 . . 152 Time Decay 355 | . 265 80 . . 10 Lost Part 203 | . 60 23 . 120 . Purge Threat 40 | . . 40 . . . Squads Dispatched 1 | . 1 . . . . Investigation . | . . . . . . Extermination . | . . . . . . Reinforcement 1 | . 1 . . . . Assault . | . . . . . . Garrison . | . . . . . . Intercept . | . . . . . . Searches Triggered . | . . . . . . Construction Impeded . | . . . . . . Haulers Reinforced . | . . . . . . Active Scanning Responses . | . . . . . . Cargo Convoy Interrupts . | . . . . . . Stealth | -11 -10 -9 -8 -8 -8 --------- Run | Yrd Mat Mat Mat Gar Mat Distress Signals 6 | . 3 2 . . 1 Communications Jammed . | . . . . . . Distress Signals . | . . . . . . Times Spotted 78 | . 18 19 . 34 7 Peak Tracking Total 14 | . 4 11 . 14 8 Tactical Retreats 7 | . 1 1 . 5 . Traps | -11 -10 -9 -8 -8 -8 ------- Run | Yrd Mat Mat Mat Gar Mat Traps Triggered 4 | . . . . 3 1 Indirectly . | . . . . . . Trap Hack Attempts . | . . . . . . Triggered . | . . . . . . Disarmed . | . . . . . . Reprogrammed . | . . . . . . Reused . | . . . . . . Traps Extracted . | . . . . . . Installed . | . . . . . . Triggered . | . . . . . . Machines | -11 -10 -9 -8 -8 -8 ---------- Run | Yrd Mat Mat Mat Gar Mat Machines Disabled 2 | . 2 . . . . Max in Single Turn 2 | . 2 . . . . Machines Repaired . | . . . . . . Machines Dismantled . | . . . . . . Machines Sabotaged . | . . . . . . Overloaded Fab Kills . | . . . . . . Hacking | -11 -10 -9 -8 -8 -8 --------- Run | Yrd Mat Mat Mat Gar Mat Machines Accessed 5 | . 3 1 1 . . Terminals 3 | . 2 1 . . . Fabricators . | . . . . . . Repair Stations . | . . . . . . Recycling Units 1 | . 1 . . . . Scanalyzers . | . . . . . . Garrison Access 1 | . . . 1 . . Total Hacks 10 | . 8 1 1 . . Successful 6 | . 4 1 1 . . Failed 4 | . 4 . . . . Catastrophic . | . . . . . . Database Lockouts . | . . . . . . Manual 1 | . . 1 . . . Terminals 6 | . 5 1 . . . Fabricators . | . . . . . . Repair Stations . | . . . . . . Recycling Units 3 | . 3 . . . . Scanalyzers . | . . . . . . Garrison Access 1 | . . . 1 . . Terminal Hacks 5 | . 4 1 . . . Record 3 | . 3 . . . . Prototype ID Bank 1 | . 1 . . . . Unreport Threat 1 | . . 1 . . . Fabricator Hacks . | . . . . . . Repair Station Hacks . | . . . . . . Recycling Unit Hacks . | . . . . . . Scanalyzer . | . . . . . . Garrison Access Hacks 1 | . . . 1 . . Unlock Access 1 | . . . 1 . . Unauthorized Hacks . | . . . . . . Terminals . | . . . . . . Fabricators . | . . . . . . Repair Stations . | . . . . . . Recycling Units . | . . . . . . Scanalyzers . | . . . . . . Garrison Access . | . . . . . . Data Cores Recovered . | . . . . . . Used . | . . . . . . Hacking Detections 1 | . 1 . . . . Full Trace Events 1 | . 1 . . . . Feedback Events . | . . . . . . Feedback Blocked . | . . . . . . Robot Schematics Acquired . | . . . . . . Robots Built . | . . . . . . Authchips . | . . . . . . Time . | . . . . . . Total Robot Build Rating . | . . . . . . Part Schematics Acquired . | . . . . . . Parts Built . | . . . . . . Authchips . | . . . . . . Time . | . . . . . . Total Part Build Rating . | . . . . . . Part Studies Acquired . | . . . . . . Parts Repaired . | . . . . . . Time . | . . . . . . Parts Recycled . | . . . . . . Recycled Matter . | . . . . . . Retrieved Matter . | . . . . . . Retrieved Components . | . . . . . . Parts Scanalyzed . | . . . . . . Part Schematics Acquired . | . . . . . . Parts Damaged . | . . . . . . Bothacking | -11 -10 -9 -8 -8 -8 ------------ Run | Yrd Mat Mat Mat Gar Mat Used RIF Installer . | . . . . . . Robots Hacked . | . . . . . . Non-combat . | . . . . . . Combat . | . . . . . . Robot Hacks Applied . | . . . . . . Relay Couplers Released . | . . . . . . Fabnet Peak Effective % . | . . . . . . Robots Rewired . | . . . . . . Allies Hacked . | . . . . . . Hacks Repelled . | . . . . . . Allies | -11 -10 -9 -8 -8 -8 -------- Run | Yrd Mat Mat Mat Gar Mat Total Allies . | . . . . . . Largest Group . | . . . . . . Highest-Rated Group . | . . . . . . Highest-Rated Ally . | . . . . . . Total Orders . | . . . . . . Ally Attacks . | . . . . . . Total Damage . | . . . . . . Kills . | . . . . . . Allies Corrupted . | . . . . . . Allies Melted . | . . . . . . Intel | -11 -10 -9 -8 -8 -8 ------- Run | Yrd Mat Mat Mat Gar Mat Active Infowar (turns) 448 | . . 226 33 189 . Optics 448 | . . 226 33 189 . Robot Analysis Total . | . . . . . . Derelict Logs Recovered . | . . . . . . Drone Launches . | . . . . . . Drone Recoveries . | . . . . . . Exploration | -11 -10 -9 -8 -8 -8 ------------- Run | Yrd Mat Mat Mat Gar Mat Turns Passed 1593 | 62 872 246 33 344 36 Spaces Moved 1004 | 51 391 153 29 306 74 Core 21 | 2 . 1 . 1 17 Treads . | . . . . . . Legs . | . . . . . . Wheels 692 | 49 391 152 29 71 . Hover . | . . . . . . Flight 291 | . . . . 234 57 Fastest Speed 27 | 50 100 50 105 27 40 Average Speed 99 | 98 150 93 105 50 42 Slowest Speed 290 | 100 290 105 105 110 50 Overloaded Moves . | . . . . . . Propulsion Burnouts . | . . . . . . Robots Hopped 7 | . . . . 7 . Potential Cave-ins . | . . . . . . Cave-ins Triggered . | . . . . . . Exploration Rate (%) 22 | 4 43 18 3 49 16 Regions Visited 5 Branch Regions . Pre-discovered Areas . | . . . . . . Known Exits Taken 1 | . . . 1 . . Unknown Exits Taken 3 | 1 1 1 . . . Scrap Searched . | . . . . . . Spaces Dug . | . . . . . . Terrain Destroyed 28 | . 28 . . . . Melee . | . . . . . . Projectile . | . . . . . . AOE 28 | . 28 . . . . Terrain Rammed . | . . . . . . Walls Destroyed . | . . . . . . Machines Disabled . | . . . . . . Actions | -11 -10 -9 -8 -8 -8 --------- Run | Yrd Mat Mat Mat Gar Mat Total 1383 | 59 533 213 31 468 79 Wait 110 | . 1 11 . 98 . Move 985 | 50 390 152 28 291 74 Hop 7 | . . . . 7 . Pick Up 56 | 2 37 12 1 3 1 Fast Attach 27 | 6 2 10 1 7 1 Attach 19 | . 9 . . 10 . Detach 7 | . . 1 1 4 1 Swap 4 | 1 1 2 . . . Drop 13 | . 6 5 . 1 1 Fire 111 | . 87 20 . 4 . Melee 6 | . . . . 6 . Ram 3 | . . . . 2 1 Kick . | . . . . . . Crush . | . . . . . . Escape Stasis 35 | . . . . 35 . Rewire . | . . . . . . Trap . | . . . . . . Miscellaneous . | . . . . . . Route ------- -11/Scrapyard -10/Materials -9/Materials -8/Materials -8/Garrison (discovered 2 exits: [*Mat x2]) -8/Materials History --------- Turn | Location | Event 10 | -11/Scrapyard | Discovered new exit (range 16) 63 | -11/Scrapyard | Entered Materials 540 | -10/Materials | Core integrity fell below 50% 558 | -10/Materials | Build established: Hauler-Mutant 598 | -10/Materials | Lost 4 parts (3n1w) 869 | -10/Materials | Core integrity fell below 20% 895 | -10/Materials | Discovered new exit (range 15) 935 | -10/Materials | Entered another Materials area 935 | -9/Materials | Evolved 2 slots: Power x1, Utility x1 935 | -9/Materials | Released all parts (5) 966 | -9/Materials | Lost 3 parts (1p1n1u) 1166 | -9/Materials | Discovered new exit (range 15) 1181 | -9/Materials | Entered another Materials area 1181 | -8/Materials | Evolved 2 slots: Propulsion x2 1213 | -8/Materials | Identified exit to Garrison 1214 | -8/Materials | Entered Garrison 1247 | -8/Garrison | Build established: Scavenger-Mutant 1403 | -8/Garrison | Released all parts (4) 1430 | -8/Garrison | Triggered checkpoint 1433 | -8/Garrison | Lost 5 parts (1p1n3w) 1452 | -8/Garrison | Triggered checkpoint 1454 | -8/Garrison | Triggered checkpoint 1464 | -8/Garrison | Discovered new exit (range 11) 1492 | -8/Garrison | Lost 4 parts (4n) 1503 | -8/Garrison | Core integrity fell below 50% 1517 | -8/Garrison | Triggered checkpoint 1554 | -8/Garrison | Lost 6 parts (1p4n1w) 1554 | -8/Garrison | Discovered new exit (range 10) 1558 | -8/Garrison | Entered Materials 1587 | -8/Materials | Core integrity fell below 20% 1594 | -8/Materials | Destroyed by S-10 Pest with Light Assault Rifle Last Messages --------------- 01541_ Field strength at 34. 01542_ Field strength at 25. 01543_ Field strength at 17. 01544_ Field strength at 9. 01545_ Field strength at 3. 01546_ Stasis field depleted. 01554_ EXIT=FOUND LOCATION=UNKNOWN GOAL=ESCAPE 01564_ Acquired Nuclear Core. 01572_ Triggered Blade Trap. 01572_ Massive razor-sharp blades shoot up from within the floor. 01572_ Flight Unit severed. 01572_ Acquired Flight Unit. 01580_ K-01 Serf collects debris. 01584_ Dropped Flight Unit. 01589_ K-01 Serf collects debris. 01589_ Slammed into R-06 Scavenger. 01594_ K-01 Serf collects debris. Map ----- +----------------------------------------------------+ | ?????????????????????????????????????????????????? | | ?????????????????????????????????????????????????? | | ?????????????????????????????????????????????????? | | ?????????????????????????????????????????????????? | | ?????????????????????????????????????????????????? | | ?????????????????????????????????????????????????? | | ?????????????????????????????????????????????????? | | ?????????????????????????????????????????????????? | | ?????????????????????????????????????????????????? | | ?????????????????????????????????????????????????? | | ?????????????????????????????????????????????????? | | ???????????????????????? ????????????????????????? | | ???????????????????????? ????????????????????????? | | ???????????????????????# ????????????????????????? | | ???????????????????????# ????????????????????????? | | ???????????????????????# ????????????????????????? | | ???????????????????????# ????????????????????????? | | ???????????????????????# ????????????????????????? | | ???????????????????????# #####???????????????????? | | ????? ??????????????# ????????????????????? | | ????? #?????????????# ????????????????????? | | ???? #?????????????# ?????????????????????? | | ???? #?????????????# #?????????????????????? | | ???? +??????? """??# #?????????????????????? | | ???? ! #???????""""??# #?????????????????????? | | ????? #????#??"""""?# @ #?????????????????????? | | ????? #????# """""?# #?????????????????????? | | ????? [ #????# """ # #?????????????????????? | | ????? #????# # #?????????????????????? | | ?????# #????# + +?????????????????????? | | ?????# #????# # #?????????????????????? | | ?????# #????# # #?????????????????????? | | ###??# #????########## ##????????????????????? | | #### ############## ##### #??????????????? | | sY #?????????????? | | #?????????????? | | #?????????????? | | #####+######+####+###sw #### #?????????????? | | ## [[ =#? ###k###???? #?????????????? | | ## """ [[ ## #?? ?????? ????????????? | | ## """ [ ## """ #?? ?????? ????????????? | | ## """ ## """ #??""? #????? ????????????? | | ## ## """ #??""?? #??????????????????? | | ################ #??????????????????????????? | | # #????# #??????????????????????????? | | #" #????#######??????????????????????????? | | #T #?????????????????????????????????????? | | #" """ #?????????????????????????????????????? | | + """ #?????????????????????????????????????? | | # """ #?????????????????????????????????????? | +----------------------------------------------------+ Best States ------------- Heat Dissipation 31 Energy Generation 19 Energy Capacity 250 Matter Stores 300 Matter Capacity 300 Sight Range 18 Terrain Scan Density 85 Armor Coverage 225 Utility Shielding 33 Evasion (%) 64 Item Schematics ----------------- None Robot Schematics ------------------ None Fabricated ------------ Nothing Repaired ---------- Nothing Studied --------- None Alien Tech Used ----------------- None Achievements -------------- None Challenges ------------ None Game ------ Seed LaserCannonInterpreter Manual? 0 Play Time 00:16:24 Cumulative 45.5 hours Start 2025.11.17 @ 02:10:43 End 2025.11.17 @ 02:29:12 Sessions 1 Manual Loads 0 Difficulty Rogue Special Mode None Game No. 179 Rogue 179 Adventurer 0 Explorer 0 Win Type - Total 0 Types 0/0/0/0/0/0/0/0/0/0 Lore% 12 Gallery% 34 Achievement% 23 Wizard Run 0 Options --------- Layout 1 ASCII 0 Keyboard 1 Movement Vi Keybinds 0 Fullscreen 1 Font 16/SmallcapsGlow Map View 55x38 Zoom Use 0% Tactical HUD 1 Map Filters NONE Filters NONE Steam 1 RUN: 46988449-8770-4f16-a866-7a33462f1fc4